 Dungeon Crawl Stone Soup version 0.30-a0-702-gdf48620a09 (webtiles) character file.

Game seed: 11818142312685900829

81195 hikkokomori the Fighter (level 15, -1/97 HPs)
             Began as a Gargoyle Earth Elementalist on Jan 22, 2023.
             Was a High Priest of Okawaru.
             Killed from afar by a deep elf pyromancer (18 damage)
             ... with a bolt of fire
             ... on level 15 of the Dungeon.
             The game lasted 01:08:17 (29595 turns).

hikkokomori the Fighter (GrEE)                     Turns: 29595, Time: 01:08:18

Health: -1/97      AC: 32    Str: 15    XL:     15   Next: 69%
Magic:  1/30       EV: 10    Int: 27    God:    Okawaru [*****.]
Gold:   2160       SH:  0    Dex: 19    Spells: 19/37 levels left

rFire   . . .      SeeInvis +    G - +1 morningstar (drain)
rCold   + + .      Faith    .    (no shield)
rNeg    + + .      Spirit   .    R - +0 ice dragon scales
rPois   ∞          Reflect  .    D - +0 hat of Okawaru's Approval {rCorr Int+3}
rElec   +          Harm     .    K - +2 cloak of Okawaru's Displeasure {+Inv Int+2 Dex+3}
rCorr   +          Rampage  .    B - +2 pair of gloves {Dex+3}
Will    +....                    F - +1 pair of boots of the Planets {rN+ Str+2 Stlth+}
Stlth   +++                      h - amulet of the acrobat
HPRegen 0.36/turn                w - ring of Vicrax {rF+ rC- rCorr Slay+4 SInv}
MPRegen 0.22/turn                Y - ring "Mewupt" {rElec rC+ AC+4 Dex+3}

@: flying
A: sickness immunity, AC +11, big wings, negative energy resistance 1,
electricity resistance, torment resistance 1, petrification resistance
a: Renounce Religion, Evoke Invisibility, Heroism, Finesse, Duel


You were on level 15 of the Dungeon.
You worshipped Okawaru.
Okawaru was extremely pleased with you.
You visited 4 branches of the dungeon, and saw 22 of its levels.
You also visited: Volcano.

You collected 2316 gold pieces.
You spent 156 gold pieces at shops.

Inventory:

Hand Weapons
 o - a +2 sling of flaming
 G - a +1 morningstar of draining (weapon)
 N - a +5 demon whip of distortion
 S - a +1 heavy morningstar
Armour
 A - a +3 leather armour of cold resistance
 B - a +2 pair of gloves of dexterity (worn)
 D - the +0 hat of Okawaru's Approval (worn) {rCorr Int+3}
   (Okawaru gifted it to you on level 2 of the Orcish Mines)

   Int:       It affects your intelligence (+3).
   rCorr:     It protects you from acid and corrosion.
 F - the +1 pair of boots of the Planets (worn) {rN+ Str+2 Stlth+}
   (Okawaru gifted it to you in a volcano)

   Str:       It affects your strength (+2).
   rN:        It protects you from negative energy.
   Stlth:     It makes you more stealthy.
 K - the +2 cloak of Okawaru's Displeasure (worn) {+Inv Int+2 Dex+3}
   (Okawaru gifted it to you on level 10 of the Dungeon)

   Int:       It affects your intelligence (+2).
   Dex:       It affects your dexterity (+3).
   +Inv:      It lets you turn invisible.
 R - +0 ice dragon scales (worn)
 W - a +1 helmet of see invisible
Magical Staves
 d - a staff of fire
Jewellery
 h - an amulet of the acrobat (around neck)
 k - a ring of magical power
 t - a ring of protection from fire
 w - the ring of Vicrax (left hand) {rF+ rC- rCorr Slay+4 SInv}
   (You acquired it on level 2 of the Lair of Beasts)

   [ring of protection from fire]

   Slay:      It affects your accuracy & damage with ranged weapons and melee
   (+4).
   rF:        It protects you from fire.
   rC:        It makes you vulnerable to cold.
   SInv:      It lets you see invisible.
   rCorr:     It protects you from acid and corrosion.
 I - a ring of wizardry
 Q - a +5 ring of evasion
 U - a ring of magical power
 Y - the ring "Mewupt" (right hand) {rElec rC+ AC+4 Dex+3}
   (You acquired it on level 13 of the Dungeon)

   [ring of protection]

   AC:        It affects your AC (+4).
   Dex:       It affects your dexterity (+3).
   rC:        It protects you from cold.
   rElec:     It insulates you from electricity.
Wands
 a - a wand of mindburst (9)
 g - a wand of flame (11)
 i - a wand of acid (10)
 r - a wand of digging (1)
 H - a wand of polymorph (11)
 T - a wand of paralysis (12)
 V - a wand of roots (11)
Scrolls
 c - 2 scrolls of enchant armour
 j - a scroll of blinking
 m - 5 scrolls of poison
 q - 2 scrolls of amnesia
 v - 2 scrolls of immolation
 y - 2 scrolls of fear
 E - 3 scrolls of fog
 J - 5 scrolls of identify
 O - 3 scrolls of enchant weapon
 P - a scroll of magic mapping
 Z - 4 scrolls of teleportation
Potions
 b - 2 potions of magic
 e - 6 potions of heal wounds
 f - 2 potions of brilliance
 l - a potion of cancellation
 n - 2 potions of invisibility
 p - 2 potions of lignification
 s - a potion of resistance
 u - 2 potions of might
 x - 6 potions of curing
 z - 7 potions of mutation
 C - a potion of haste
 L - 2 potions of ambrosia
 M - a potion of berserk rage
 X - 3 potions of attraction


   Skills:
 - Level 12.4 Fighting
 + Level 9.0(9.3) Maces & Flails
 - Level 1.0(2.2) Polearms
 - Level 3.4(6.7) Staves
 + Level 3.8 Dodging
 - Level 5.5 Stealth
 + Level 11.5 Spellcasting
 + Level 12.3 Conjurations
 - Level 0.7 Transmutations
 + Level 11.6 Fire Magic
 - Level 5.4 Ice Magic
 - Level 5.4 Earth Magic
 - Level 6.8 Invocations
 - Level 4.7 Evocations


You had 19 spell levels left.
You knew the following spells:

 Your Spells              Type           Power      Damage    Failure   Level
a - Sandblast             Erth           90%        2d19      2%          1
b - Stone Arrow           Conj/Erth      100%       3d13      1%          3
c - Ozocubu's Armour      Ice            44%        N/A       7%          3
d - Fireball              Conj/Fire      34%        3d14      4%          5
e - Starburst             Conj/Fire      34%        6d10      22%         6

Your spell library contained the following spells:

 Spells                   Type           Power      Damage    Failure   Level
 Foxfire                  Conj/Fire      100%       2x1d9     1%          1
 Passwall                 Tmut/Erth      26%        N/A       9%          2
 Petrify                  Tmut/Erth      32%        N/A       50%         4
 Portal Projectile        Hex/Tloc       30%        N/A       52%         3
 Leda's Liquefaction      Hex/Erth       15%        N/A       54%         4
 Airstrike                Air            7%         2d(2-18)  90%         4
 Anguish                  Hex/Necr       7%         N/A       90%         4
 Silence                  Hex/Air        7%         N/A       99%         5
 Enfeeble                 Hex            7%         N/A       100%        7
 Ozocubu's Refrigeration  Ice            22%        4d12      100%        7
 Storm Form               Tmut/Air       8%         N/A       100%        7
 Maxwell's Capacitive Co  Air            7%         ∞         100%        8
 Call Canine Familiar     Summ           Unusable   N/A       N/A         3
 Summon Ice Beast         Ice/Summ       Unusable   N/A       N/A         4
 Summon Lightning Spire   Summ/Air       Unusable   N/A       N/A         4
 Summon Forest            Summ/Tloc      Unusable   N/A       N/A         5
 Summon Mana Viper        Hex/Summ       Unusable   N/A       N/A         5
 Monstrous Menagerie      Summ           Unusable   N/A       N/A         7

Dungeon Overview and Level Annotations

Branches:
Dungeon (15/15)            Temple (1/1) D:5            Lair (4/5) D:11
 Shoals (0/4) Lair:3        Snake (0/4) Lair:2        Slime (0/5) Lair:4
    Orc (2/2) D:12            Elf (0/3) Orc:2        Vaults (0/5) D:14
 Depths (0/4) D:15        Volcano (visited)

Altars:
Ashenzari
Cheibriados
Dithmenos
Elyvilon
Fedhas
Gozag
Hepliaklqana
Kikubaaqudgha
Makhleb
Nemelex Xobeh
Okawaru
Qazlal
Ru
Sif Muna
Trog
Uskayaw
Vehumet
Wu Jian
Xom
Yredelemnul
Zin
The Shining One
Jiyva

Shops:
Orc:2 (*!=:

Annotations:
D:11 2 runed translucent doors, exclusion: orange crystal statue
Lair:2 2 transporters, flotson's ghost, journeyman DsDe


Innate Abilities, Weirdness & Mutations

You are immune to sickness and miasma.
Your stone body is resilient. (AC +11)
You are immune to poison.
Your large and strong wings let you fly.
You resist negative energy. (rN+)
You are resistant to electric shocks. (rElec)
You are resistant to unholy torment.
You are immune to petrification.


Message History

Aim: an eight-headed hydra (almost dead, 95% to hit)
The blast of sand hits the eight-headed hydra!!
You kill the eight-headed hydra!
Okawaru accepts your kill. The fire elemental misses you.
The efreet gestures at you.
The fireball explodes!
The fireball engulfs the fire elemental.
The fire elemental completely resists.
The fireball engulfs you but does no damage.
The fireball engulfs the efreet.
The efreet completely resists.
The deep elf pyromancer casts a spell at you.
The bolt of fire hits the efreet.
The efreet completely resists.
The bolt of fire hits the fire elemental.
The fire elemental completely resists.
The bolt of fire hits you! The fire elemental closely misses you.
You hear a shout!
Your Maces & Flails skill increases to level 9!
Unknown command.
You impale the fire elemental!!
The fire elemental is severely damaged.
The fire elemental hits you.
A cyclops comes into view.
You sock the fire elemental!
You destroy the fire elemental!
The fire elemental disappears in a puff of smoke!
The efreet gestures at you.
The bolt of fire hits the efreet.
The efreet completely resists.
The bolt of fire hits you!
You puncture the efreet!
The efreet is lightly wounded.
The efreet gestures at you. The bolt of fire hits you!!
* * * LOW HITPOINT WARNING * * *
A great orb of eyes comes into view.
The deep elf pyromancer casts a spell at you.
The bolt of fire hits the efreet.
The efreet completely resists.
The bolt of fire hits the efreet.
The efreet completely resists.
The bolt of fire hits you!!
You die...

.......... ....!....
..... .......# ....
......### ....
......./. #...
#######......# ...###
#............#
#...#####. #.@#
##<........####.#R#
......# #.....##R☼
##.#..#####......#eQG.
#.##.....#......#
C#...
##.######.#......##..
## ##.##.....#...##..#
.# #..##..#.#.#.###..#
G# ....#.#...#.......#


You could see a great orb of eyes, a tengu warrior, a glowing orange brain, a
cyclops, a deep elf pyromancer and 2 efreet.

Vanquished Creatures
  Frances (D:14)
  Snorg (D:11)
  Josephine (D:10)
  An ettin (D:15)
  The ghost of KennySheep the Arsonist, a journeyman DEFE of Vehumet (Lair:4)
  Erolcha (D:9)
  An ice dragon (D:14)
  An ogre mage (D:10)
  7 hydras
  3 boulder beetles
  6 two-headed ogres
  A catoblepas (D:13)
  3 centaur warriors
  2 dancing weapons (D:14)
  6 death yaks (Lair:3)
  Urug (Lair:2)
  A hell knight (Volcano)
  5 orc high priests (Orc:2)
  Nergalle (D:12)
  A salamander mystic (Volcano)
  3 deep trolls
  9 orc knights
  Pikel (D:7)
  2 wizards
  3 deep elf pyromancers
  A necromancer (D:15)
  12 ugly things
  5 manticores
  A deep elf zephyrmancer (D:13)
  2 salamanders (Volcano)
  3 cyclopes
  2 black mambas (Lair:1)
  Joseph (D:10)
  2 merfolk sirens (Lair:3)
  2 gargoyles (Volcano)
  Maurice (D:9)
  5 molten gargoyles (Volcano)
  4 cane toads
  3 komodo dragons
  An efreet (D:14)
  A tengu conjurer (D:15)
  6 rime drakes
  3 trolls
  8 polar bears
  A meliai (shapeshifter) (D:14)
  8 blink frogs
  15 dream sheep
  3 wraiths (D:10)
  2 shadows (D:11)
  39 yaks
  4 wyverns (D:14)
  7 basilisks
  3 steam dragons
  2 vampire mosquitoes (D:9)
  Menkaure (D:4)
  Edmund (D:6)
  5 swamp worms (Lair:4)
  5 wargs
  3 nagas (Lair:2)
  2 acid dragons
  12 water moccasins
  Duvessa (D:4)
  38 orc warriors
  9 black bears
  A sky beast (D:5)
  An ice beast (D:5)
  11 wolves
  4 ogres
  12 bullfrogs
  A gnoll sergeant (D:12)
  3 scorpions
  9 wights
  Dowan (D:4)
  10 killer bees
  A vampire bat (Lair:1)
  An electric eel (Lair:2)
  7 howler monkeys
  4 hounds
  35 orc priests
  A jelly (D:7)
  Crazy Yiuf (D:7)
  3 gnoll boudas
  Terence (D:2)
  22 orc wizards
  10 hell rats (D:14)
  2 iguanas
  A statue (D:7)
  14 gnolls
  13 adders
  An ufetubus (D:6)
  A worm (D:4)
  A dart slug (D:3)
  84 orcs
  9 ball pythons
  14 bats
  7 endoplasms
  A giant cockroach (D:4)
  13 goblins
  10 hobgoblins
  3 jackals (D:1)
  3 quokkas
  2 frilled lizards (D:3)
  A kobold (D:1)
  9 rats
  7 briar patches (Lair:4)
622 creatures vanquished.

Vanquished Creatures (others)
  A manticore (D:15)
  A briar patch (Lair:4)
  14 fungi
  31 plants
47 creatures vanquished.

Grand Total: 669 creatures vanquished

Notes
Turn   | Place    | Note
-------+----------+-------------------------------------------
     0 | D:1      | hikkokomori the Gargoyle Earth Elementalist began the quest
                  | for the Orb.
     0 | D:1      | Reached XP level 1. HP: 10/10 MP: 3/3
   198 | D:1      | Found a faded altar of an unknown god.
   201 | D:1      | Reached XP level 2. HP: 12/15 MP: 1/5
   561 | D:1      | Reached XP level 3. HP: 19/19 MP: 4/6
  1115 | D:2      | Reached XP level 4. HP: 24/24 MP: 5/8
  1213 | D:2      | Noticed Terence
  1222 | D:1      | Learned a level 3 spell: Stone Arrow
  1406 | D:2      | Killed Terence
  1407 | D:2      | Reached skill level 5 in Earth Magic
  1678 | D:2      | Reached skill level 1 in Fighting
  1782 | D:3      | Reached skill level 1 in Conjurations
  1802 | D:3      | Reached XP level 5. HP: 29/29 MP: 9/9
  2098 | D:3      | Found a shimmering blue altar of Sif Muna.
  2332 | D:3      | Learned a level 3 spell: Ozocubu's Armour
  2745 | D:3      | Reached XP level 6. HP: 35/35 MP: 11/11
  3123 | D:4      | Noticed Duvessa
  3124 | D:4      | Noticed Dowan
  3133 | D:4      | Killed Duvessa
  3134 | D:4      | Reached skill level 1 in Ice Magic
  3138 | D:4      | Killed Dowan
  3341 | D:4      | Reached XP level 7. HP: 40/40 MP: 13/13
  3486 | D:4      | Noticed Menkaure
  3489 | D:4      | Killed Menkaure
  3713 | D:5      | Entered Level 5 of the Dungeon
  4022 | D:5      | Noticed a steam dragon
  4024 | D:5      | Noticed a steam dragon
  4027 | D:5      | Killed a steam dragon
  4028 | D:5      | Reached XP level 8. HP: 48/48 MP: 15/15
  4250 | D:5      | Found a staircase to the Ecumenical Temple.
  4278 | D:5      | Reached skill level 5 in Spellcasting
  4398 | Temple   | Entered the Ecumenical Temple
  4758 | Temple   | Became a worshipper of Warmaster Okawaru
  5481 | D:6      | Noticed Edmund
  5488 | D:6      | Killed Edmund
  5489 | D:6      | Reached skill level 5 in Fighting
  5489 | D:6      | Reached skill level 5 in Conjurations
  6559 | D:7      | Noticed Pikel
  6571 | D:7      | Killed Pikel
  6571 | D:7      | Reached * piety under Okawaru
  6571 | D:7      | Reached ** piety under Okawaru
  6572 | D:7      | Reached skill level 5 in Ice Magic
  6572 | D:7      | Reached XP level 9. HP: 46/55 MP: 13/17
  7133 | D:7      | Reached skill level 1 in Invocations
  7133 | D:7      | Reached skill level 1 in Evocations
  7526 | D:7      | Found a radiant altar of Vehumet.
  7798 | D:7      | Reached *** piety under Okawaru
  7799 | D:7      | Reached XP level 10. HP: 63/63 MP: 4/20
  8099 | D:7      | Found a runed translucent door.
  8100 | D:7      | Noticed Crazy Yiuf
  8106 | D:7      | Killed Crazy Yiuf
  8594 | D:8      | Noticed a two-headed ogre
  8598 | D:8      | Killed a two-headed ogre
  8598 | D:8      | Reached **** piety under Okawaru
  9554 | D:9      | Noticed Maurice
  9569 | D:9      | Killed Maurice
  9723 | D:9      | Noticed Erolcha
  9732 | D:9      | Killed Erolcha
  9732 | D:9      | Reached ***** piety under Okawaru
 10004 | D:9      | Noticed a two-headed ogre
 10009 | D:9      | Killed a two-headed ogre
 10010 | D:9      | Reached skill level 5 in Invocations
 10010 | D:9      | Reached XP level 11. HP: 69/69 MP: 22/22
 10493 | D:9      | Received a gift from Okawaru
 10835 | D:9      | Noticed a two-headed ogre
 10843 | D:9      | Killed a two-headed ogre
 11125 | D:10     | Entered Level 10 of the Dungeon
 11599 | D:10     | Identified the +2 cloak of Okawaru's Displeasure {+Inv
                  | Int+2 Dex+3} (Okawaru gifted it to you on level 10 of the
                  | Dungeon)
 11599 | D:10     | Received a gift from Okawaru
 11600 | D:10     | Reached skill level 1 in Maces & Flails
 11698 | D:10     | Noticed Josephine
 11711 | D:10     | Killed Josephine
 11889 | D:10     | Noticed a two-headed ogre
 11894 | D:10     | Killed a two-headed ogre
 12011 | D:10     | Noticed Joseph
 12024 | D:10     | Killed Joseph
 12160 | D:10     | Noticed a boulder beetle
 12169 | D:10     | Killed a boulder beetle
 12240 | D:10     | Noticed a two-headed ogre
 12243 | D:10     | Killed a two-headed ogre
 12296 | D:10     | Learned a level 5 spell: Fireball
 12303 | D:10     | Noticed an ogre mage
 12306 | D:10     | Paralysed by an ogre mage for 3 turns
 12312 | D:10     | Killed an ogre mage
 12313 | D:10     | Reached XP level 12. HP: 59/76 MP: 16/24
 13031 | D:11     | Found a runed translucent door.
 13031 | D:11     | Found the +10 tower shield of Ignorance {rN+ Int-4}
 13151 | D:11     | Found a staircase to the Lair.
 13180 | D:11     | Received a gift from Okawaru
 13181 | D:11     | Reached skill level 5 in Fire Magic
 13200 | D:11     | Noticed Snorg
 13572 | D:11     | Killed Snorg
 13573 | D:11     | Reached skill level 5 in Maces & Flails
 13757 | D:11     | Found a runed translucent door.
 13859 | Lair:1   | Entered Level 1 of the Lair of Beasts
 14048 | Lair:1   | Reached ****** piety under Okawaru
 14380 | Lair:1   | Noticed a boulder beetle
 14845 | Lair:1   | Killed a boulder beetle
 15538 | Lair:2   | Found a dark tunnel.
 15546 | Volcano  | Entered a volcano
 15735 | Volcano  | Reached XP level 13. HP: 81/81 MP: 25/25
 15852 | Volcano  | Identified the +1 pair of boots of the Planets {rN+ Str+2
                  | Stlth+} (Okawaru gifted it to you in a volcano)
 15852 | Volcano  | Received a gift from Okawaru
 15853 | Volcano  | HP: 2/82 [molten gargoyle/+0 morningstar (5)]
 16021 | Volcano  | Noticed an orb of fire
 16045 | Volcano  | Noticed an orb of fire
 16055 | Volcano  | Reached skill level 10 in Fighting
 16561 | Lair:2   | Noticed Urug
 16571 | Lair:2   | Killed Urug
 16572 | Lair:2   | Reached skill level 5 in Stealth
 17299 | Lair:2   | Found a transporter.
 17301 | Lair:2   | Found a transporter.
 17303 | Lair:2   | Noticed flotson's ghost (journeyman DsDe)
 17364 | Lair:2   | Identified a scroll of acquirement
 17364 | Lair:2   | Acquired the ring of Vicrax {rF+ rC- rCorr Slay+4 SInv}
 17650 | Lair:2   | Found a staircase to the Snake Pit.
 18193 | Lair:3   | Reached skill level 1 in Staves
 18779 | Lair:3   | Received a gift from Okawaru
 18908 | Lair:3   | Found a staircase to the Shoals.
 19061 | Lair:3   | Reached skill level 10 in Conjurations
 19249 | Lair:3   | Reached skill level 10 in Spellcasting
 19258 | Lair:3   | Gained mutation: Your large and strong wings let you fly.
                  | [Gargoyle growth]
 19258 | Lair:3   | Reached XP level 14. HP: 83/90 MP: 2/28
 19827 | Lair:3   | Reached skill level 1 in Polearms
 19827 | Lair:3   | Reached skill level 10 in Fire Magic
 20398 | Lair:4   | Found a viscous altar of Jiyva.
 20399 | Lair:4   | Found a staircase to the Slime Pits.
 20492 | Lair:4   | Found a runed translucent door.
 20492 | Lair:4   | Noticed KennySheep's ghost (journeyman DEFE)
 20568 | Lair:4   | Found a transporter.
 20604 | Lair:4   | Found a transporter.
 21428 | Lair:4   | Identified the +0 hat of Generosity {Contam +Blink Int+2
                  | Stlth+}
 21497 | Lair:4   | Killed KennySheep's ghost
 21964 | D:12     | Noticed Nergalle
 21974 | D:12     | Killed Nergalle
 21974 | D:12     | Received a gift from Okawaru
 22249 | D:12     | Found a staircase to the Orcish Mines.
 22670 | Orc:1    | Entered Level 1 of the Orcish Mines
 23430 | Orc:2    | Entered Level 2 of the Orcish Mines
 23550 | Orc:2    | Found Irotepp's Self-Improvement Boutique.
 24419 | Orc:2    | Found a staircase to the Elven Halls.
 25381 | Orc:2    | Identified the +0 hat of Okawaru's Approval {rCorr Int+3}
                  | (Okawaru gifted it to you on level 2 of the Orcish Mines)
 25381 | Orc:2    | Received a gift from Okawaru
 25996 | Orc:2    | Found Uvaill's Weapon Shoppe.
 25996 | Orc:2    | Found Ekkomammuo's Jewellery Shoppe.
 25997 | Orc:2    | Found Hedol's Assorted Antiques.
 25997 | Orc:2    | Found Equadukk's Distillery.
 26007 | Orc:2    | Bought 2 potions of brilliance for 96 gold pieces
 26007 | Orc:2    | Bought a potion of heal wounds for 60 gold pieces
 26327 | D:12     | Reached XP level 15. HP: 54/97 MP: 11/29
 26473 | D:13     | Got Xoareum's Commentary on Pneumatic Angles
 26570 | D:13     | Found a white marble altar of Elyvilon.
 26889 | D:13     | Found a faded altar of an unknown god.
 27261 | D:13     | Acquired the ring "Mewupt" {rElec rC+ AC+4 Dex+3}
 27511 | D:14     | Found a gate to the Vaults.
 27511 | D:14     | Noticed Frances
 27552 | D:14     | Killed Frances
 27997 | D:14     | Learned a level 6 spell: Starburst
 28013 | D:14     | Identified the +2 robe of Hide-and-Seek {rElec Will-
                  | Regen+} (Okawaru gifted it to you on level 14 of the
                  | Dungeon)
 28013 | D:14     | Received a gift from Okawaru
 28961 | D:15     | Entered Level 15 of the Dungeon
 29527 | D:15     | Found a staircase to the Depths.
 29595 | D:15     | Killed from afar by a deep elf pyromancer

Illustrated notes

Levels and vault maps discovered:
D:1:      onia_arrival_handbag, layout_loops_cross,
          shapermc_ecumenical_altar_pompeii, st_stairs_13
D:2:      layout_loops_ring, uniq_terence
D:3:      layout_basic, lemuel_doored_altar
D:4:      layout_cave_pools, due_unseen_surprise, uniq_menkaure, uniq_duvessa
D:5:      kennysheep_steamy, layout_loops_cross, minmay_temple_entry_arrows
D:6:      layout_basic, uniq_edmund
D:7:      layout_loops_corners, vehumet_statue, dreamdust_gnoll_shepherd,
          uniq_pikel, uniq_crazy_yiuf_cottage
D:8:      layout_loops_ring, kennysheep_generic_room_6
D:9:      layout_loops_corners, uniq_maurice, uniq_erolcha
D:10:     layout_basic, minmay_three_doors, uniq_josephine, uniq_joseph
D:11:     layout_cross, erik_lair_orcish_takeover,
          chequers_guarded_unrand_ignorance, uniq_snorg
D:12:     layout_stronghold, orc_0_dummy, uniq_nergalle
D:13:     layout_irregular_city, serial_column_ruins,
          column_ruins_temple_circle, column_ruins_circle_small,
          column_ruins_corridor_corner, column_ruins_open_small,
          column_ruins_grid_1, column_ruins_open_tiny, elyvilon_altar_3
D:14:     layout_basic, erik_vaults_1, special_room [special_room_mythical_zoo],
          kennysheep_another_room, uniq_frances
D:15:     hangedman_depths_entry_civil_slaughter, layout_rooms,
          minmay_pinched_square
Temple:   mainiacjoe_temple_cubbyholes
Lair:1:   beast_lair_carwin_large_4, layout_regular_city, roderic_batcave
Lair:2:   layout_regular_city, nicolae_snake_entry_squirm,
          lightli_volcano_entry_magma_tube, gammafunk_ghost_hive,
          serial_bayou_shore_a, serial_bayou_shore_b, lemuel_fruit_fields,
          lemuel_fruit_fields, uniq_urug
Lair:3:   wander_river, layout_small_grid, elwin_shoals_entry_rooms,
          beast_lair_carwin_9
Lair:4:   gammafunk_worm_tunnel, layout_loops_ring, slime_entry_1,
          hellmonk_ghost_happy_afterlife, minivault_25
Orc:1:    layout_caves
Orc:2:    st_orc_pillars, layout_caves, nicolae_shop_self_help

Skill      XL: |  1  2  3  4  5  6  7  8  9 10 11 12 13 14 15 |
---------------+----------------------------------------------+-----
Earth Magic    | 4 5 |  5.4
Spellcasting   | 3 4 5 6 7 8 10 11 | 11.5
Fighting       | 1 2 4 5 7 8 9 11 12 | 12.4
Conjurations   | 1 2 3 4 5 6 8 9 10 11 12 | 12.3
Ice Magic      | 1 3 5 |  5.4
Invocations    | 2 5 6 |  6.8
Evocations     | 2 4 |  4.7
Maces & Flails | 3 6 7 9 |  9.0
Fire Magic     | 2 8 9 10 11 | 11.6
Stealth        | 3 5 |  5.5
Staves         | 3 |  3.4
Polearms       | 1 |  1.0
Dodging        | 3 |  3.8
Transmutations | |  0.7

Action                   |  1- 3 |  4- 6 |  7- 9 | 10-12 | 13-15 || total
-------------------------+-------+-------+-------+-------+-------++-------
Melee: Unarmed           |    22 |    21 |       |       |       ||    43
       Flail             |       |       |    12 |       |       ||    12
       Whip              |       |       |       |   134 |       ||   134
       Punch             |       |       |       |     3 |     7 ||    10
       Staff             |       |       |       |       |   128 ||   128
       Morningstar       |       |       |       |       |   387 ||   387
       Great mace        |       |       |       |       |    18 ||    18
 Fire: Sling             |       |    11 |    66 |   108 |    30 ||   215
 Cast: Sandblast         |    46 |    70 |     1 |    12 |    17 ||   146
       Stone Arrow       |       |     5 |    90 |   250 |   223 ||   568
       Ozocubu's Armour  |       |       |     2 |     5 |     2 ||     9
       Fireball          |       |       |       |     1 |   173 ||   174
Invok: Heroism           |       |       |       |     1 |     4 ||     5
       Finesse           |       |       |       |       |     1 ||     1
Evoke: Wand              |       |     5 |     3 |    13 |    29 ||    50
  Use: Scroll            |     1 |     4 |     6 |    13 |     9 ||    33
       Potion            |       |     5 |       |     2 |     2 ||     9
 Stab: Sleeping          |       |     1 |       |       |     1 ||     2
Armor: Robe              |    18 |    12 |     4 |       |       ||    34
       Leather armour    |       |       |    13 |   292 |   267 ||   572
       Ice dragon scales |       |       |       |       |    61 ||    61
Dodge: Dodged            |    32 |    21 |    30 |   259 |   458 ||   800

Table legend: (Time is in decaauts)
 A = Elapsed time spent in this place.
 B = Non-inter-level travel time spent in this place.
 C = Inter-level travel time spent in this place.
 D = Time resting spent in this place.
 E = Time spent auto-exploring this place.
 F = Levels seen in this place.
 G = Mean time per level.
                   A        B        C        D        E       F      G
               +--------+--------+--------+--------+--------+-----+--------+
         Total |  29833 |  28653 |   1180 |   3073 |  21403 |  23 | 1297.1 |
       Dungeon |  17824 |  17032 |    792 |    924 |  13989 |  15 | 1188.3 |
        Temple |    409 |    343 |     66 |      0 |    341 |   1 |  409.0 |
          Lair |   7084 |   6833 |    251 |    684 |   4912 |   4 | 1771.0 |
  Orcish Mines |   3591 |   3522 |     69 |   1340 |   1576 |   2 | 1795.5 |
       Volcano |    923 |    923 |      0 |    125 |    585 |   1 |  923.0 |
               +--------+--------+--------+--------+--------+-----+--------+

Top non-repeatable levels by time:
   Orc:1: 2192 daAuts
     D:9: 1972 daAuts
    D:14: 1905 daAuts
  Lair:4: 1848 daAuts
  Lair:2: 1784 daAuts
  Lair:1: 1736 daAuts
  Lair:3: 1715 daAuts
     D:7: 1654 daAuts
    D:10: 1653 daAuts
   Orc:2: 1398 daAuts
     D:3: 1270 daAuts
     D:6: 1193 daAuts
    D:11: 1092 daAuts
     D:5: 1065 daAuts
    D:12: 1061 daAuts
